 Dungeon Crawl Stone Soup version 0.20.1-1-g8b1a95d (webtiles) character file.

35 Mesmaeker13 the Grasshopper (level 3, 0/28 HPs)
             Began as a Human Warper on July 24, 2017.
             Slain by Sigmund
             ... wielding a +0 scythe
              (4 damage)
             ... on level 2 of the Dungeon.
             The game lasted 00:02:38 (1684 turns).

Mesmaeker13 the Grasshopper (Human Warper)          Turns: 1684, Time: 00:02:39

Health: 0/28       AC:  4    Str: 14    XL:     3   Next: 52%
Magic:  6/6        EV: 12    Int: 13    God:
Gold:   35         SH:  0    Dex: 12    Spells: 6/6 levels left

rFire    . . .     SeeInvis .   a - +0 falchion
rCold    . . .     Gourm    .   (no shield)
rNeg     . . .     Faith    .   b - +0 leather armour
rPois    .         Spirit   .   n - +0 helmet
rElec    .         Reflect  .   (no cloak)
rCorr    .         Harm     .   (no gloves)
MR       .....     Clarity  +   (no boots)
Stlth    +.........             (no amulet)
Regen    0.1/turn               (no ring)
MPRegen  0.1/turn               (no ring)

@: hasted, very quick
A: clarity, strong 1
a: no special abilities


You were on level 2 of the Dungeon.
You were not hungry.

You visited 1 branch of the dungeon, and saw 2 of its levels.

You collected 35 gold pieces.

Inventory:

Hand Weapons
 a - a +0 falchion (weapon)
Missiles
 e - 5 tomahawks of dispersal (quivered)
Armour
 b - a +0 leather armour (worn)
 n - a +0 helmet (worn)
Scrolls
 d - a scroll of blinking
 f - a scroll of remove curse {unknown}
 g - a scroll of teleportation {unknown}
 i - a scroll of magic mapping {unknown}
 l - a scroll of immolation {unknown}
 o - a scroll of enchant weapon {unknown}
 q - a scroll of recharging {unknown}
Potions
 k - 2 potions of curing
 m - a potion of mutation
Books
 c - a book of Spatial Translocations

   Spells                             Type                      Level
   a - Blink                          Translocation                2
   b - Shroud of Golubria             Charms/Translocation         2
   c - Lesser Beckoning               Translocation                3
   d - Gell's Gravitas                Translocation                3
   e - Teleport Other                 Translocation                3
   f - Passage of Golubria            Translocation                4
Comestibles
 h - 3 chunks of flesh
 p - a royal jelly


   Skills:
 + Level 2.4 Fighting
 + Level 2.8 Long Blades
 - Level 1.0 Throwing
 + Level 1.9 Armour
 - Level 2.0 Dodging
 - Level 2.0 Spellcasting
   Level 3.0 Translocations


You had 6 spell levels left.
You didn't know any spells.

Dungeon Overview and Level Annotations

Branches:
Dungeon (2/15)

Altars:

Annotations:
D:2 Jessica, Sigmund


Innate Abilities, Weirdness & Mutations

You possess an exceptional clarity of mind.
Your muscles are strong. (Str +2)


Message History

Sigmund gestures at you while chanting. The puff of flame hits you!
You hit Jessica.
Jessica is almost dead.
Jessica points at you and mumbles some strange words.
Pain shoots through your body!
* * * LOW HITPOINT WARNING * * *
Sigmund points at you and mumbles some strange words.
You feel momentarily confused.
You barely miss Jessica.
Jessica is almost dead.
Jessica hits you with a dagger.
* * * LOW HITPOINT WARNING * * *
You barely miss Jessica.
Jessica is almost dead.
Jessica closely misses you. Jessica hits you but does no damage.
You hit Jessica but do no damage.
Jessica is almost dead.
Sigmund hits you from afar with a scythe.
You die...

..........#.................
..........####..............
.)........##..........>.....
.....................@......
..........####....#.........
#..........#................
........##.#................
#..<##..##....@###..........
(.#..#.........@@##.@.......
..............##$.#........#
#####......... .#.##...##..#
.g.............. ......# ..
.##............. .###### .
................ .#
###...........?. .#
#............. .#
#..........


You could see Sigmund and Jessica.

Vanquished Creatures
  2 dart slugs (D:1)
  2 leopard geckos (D:1)
  A ball python (D:1)
  A giant cockroach (D:1)
  6 goblins
  4 hobgoblins
  3 bats (D:1)
  4 frilled lizards
  3 kobolds
  3 rats (D:1)
29 creatures vanquished.

Notes
Turn   | Place    | Note
-------+----------+-------------------------------------------
     0 | D:1      | Mesmaeker13 the Human Warper began the quest for the Orb.
     0 | D:1      | Reached XP level 1. HP: 16/16 MP: 3/3
    92 | D:1      | Reached XP level 2. HP: 9/22 MP: 5/5
   612 | D:1      | Reached XP level 3. HP: 24/27 MP: 6/6
  1104 | D:2      | Gained mutation: You possess an exceptional clarity of mind. [potion of mutation]
  1104 | D:2      | Gained mutation: Your muscles are strong. (Str +2) [potion of mutation]
  1130 | D:2      | Noticed Sigmund
  1663 | D:2      | Noticed Jessica
  1684 | D:2      | Slain by Sigmund

Action                   || total
-------------------------++-------
Melee: Falchion          ||   103
  Use: Scroll            ||     4
       Potion            ||     2
  Eat: Bread ration      ||     1
Armor: Leather armour    ||    36
Dodge: Dodged            ||    74
       Rpst.: Falchion   ||    20
